[ AOE2 MATCH · #507655678 ]
UnrankedByzantines vs Burgundians
Player's team · LOSS
[ REPLAY ANALYSIS · EXTRACTED FROM THE RECORDED GAME ]
Feudal
10:47
Castle
—
Imperial
—
| APM avg | 68.9 |
| APM peak | 103 |
| eAPM avg | 26.3 |
| Villagers / military | 53 / 6 |
Focus
⚔️ 31.1% · 🌾 68.9%
Spearman ×6
Feudal
11:48
Castle
17:01
Imperial
—
| APM avg | 15.9 |
| APM peak | 50 |
| eAPM avg | 10.1 |
| Villagers / military | 31 / 21 |
Focus
⚔️ 8.7% · 🌾 91.3%
Flemish Militia ×20 · Militia ×1
Match map
Initial resources + every placement click. Lines = walls · curves = elevation contours. ◆ gold · ⬟ stone · ● berries · ✦ relic · ◌ wall gap
Your base· Open — unwalled flank
silkroad's base· Open — unwalled flank
Smoothed initial terrain · ◌ = detected wall gap · hover for details
Inputs per minute
— SUMMER - - silkroad
Build order — SUMMER
102 actions detected in the replay
| 0:01 | Queue | Villager (Male) |
| 0:01 | Queue | Villager (Male) |
| 0:02 | Build | House |
| 0:02 | Queue | Villager (Male) |
| 0:02 | Queue | Villager (Male) |
| 0:04 | Build | House |
| 1:29 | Queue | Villager (Male) |
| 1:30 | Queue | Villager (Male) |
| 2:03 | Queue | Villager (Male) |
| 2:16 | Build | Lumber Camp |
| 2:20 | Queue | Villager (Male) |
| 2:54 | Queue | Villager (Male) |
| 2:54 | Queue | Villager (Male) |
| 3:14 | Queue | Villager (Male) |
| 3:14 | Queue | Villager (Male) |
| 3:28 | Build | House |
| 3:28 | Build | House |
| 4:06 | Queue | Villager (Male) |
| 4:06 | Queue | Villager (Male) |
| 4:37 | Queue | Villager (Male) |
| 4:37 | Queue | Villager (Male) |
| 5:18 | Queue | Villager (Male) |
| 5:40 | Build | Mill |
| 5:46 | Queue | Villager (Male) |
| 6:51 | Queue | Villager (Male) |
| 7:46 | Queue | Villager (Male) |
| 8:12 | Research | Loom |
| 8:13 | Research | Feudal Age |
| 9:59 | Queue | Villager (Male) |
| 10:03 | Queue | Villager (Male) |
| 10:11 | Build | House |
| 10:20 | Build | Barracks |
| 10:31 | Build | Mining Camp |
| 10:47 | Age | Feudal Age |
| 10:53 | Research | Double-Bit Axe |
| 10:54 | Queue | Villager (Male) |
| 11:01 | Build | Watch Tower |
| 11:02 | Queue | Spearman |
| 11:02 | Queue | Spearman |
| 11:09 | Queue | Villager (Male) |
| 11:09 | Queue | Villager (Male) |
| 11:10 | Queue | Villager (Male) |
| 11:18 | Queue | Villager (Male) |
| 11:18 | Queue | Villager (Male) |
| 11:40 | Queue | Villager (Male) |
| 12:04 | Queue | Villager (Male) |
| 12:25 | Build | Watch Tower |
| 12:25 | Queue | Spearman |
| 12:36 | Queue | Villager (Male) |
| 12:39 | Build | Farm |
| 12:39 | Build | Farm |
| 12:40 | Build | Farm |
| 12:41 | Queue | Villager (Male) |
| 12:46 | Queue | Villager (Male) |
| 13:19 | Build | Watch Tower |
| 13:33 | Queue | Villager (Male) |
| 13:36 | Queue | Villager (Male) |
| 13:36 | Queue | Villager (Male) |
| 13:50 | Build | House |
| 13:51 | Queue | Spearman |
| 13:55 | Build | Farm |
| 13:56 | Queue | Villager (Male) |
| 13:56 | Queue | Villager (Male) |
| 14:14 | Build | Farm |
| 14:15 | Queue | Villager (Male) |
| 14:15 | Queue | Villager (Male) |
| 14:19 | Queue | Villager (Male) |
| 14:19 | Queue | Villager (Male) |
| 14:35 | Build | Palisade Wall |
| 14:35 | Build | Palisade Wall |
| 14:35 | Build | Palisade Wall |
| 14:36 | Build | Palisade Wall |
| 14:36 | Build | Palisade Wall |
| 14:36 | Build | Palisade Wall |
| 14:37 | Build | Palisade Wall |
| 14:37 | Build | Palisade Wall |
| 14:40 | Build | Farm |
| 14:49 | Build | Watch Tower |
| 14:57 | Queue | Villager (Male) |
| 15:04 | Build | House |
| 15:22 | Queue | Spearman |
| 15:23 | Queue | Spearman |
| 15:33 | Build | Farm |
| 15:34 | Queue | Villager (Male) |
| 15:34 | Queue | Villager (Male) |
| 16:44 | Build | Watch Tower |
| 17:15 | Queue | Villager (Male) |
| 17:17 | Build | Farm |
| 18:00 | Queue | Villager (Male) |
| 18:03 | Build | Farm |
| 18:03 | Build | Farm |
| 18:03 | Build | Farm |
| 18:04 | Build | Farm |
| 18:04 | Build | Farm |
| 18:05 | Queue | Villager (Male) |
| 18:18 | Queue | Villager (Male) |
| 18:19 | Queue | Villager (Male) |
| 18:22 | Queue | Villager (Male) |
| 18:30 | Queue | Villager (Male) |
| 18:35 | Build | Watch Tower |
| 18:37 | Queue | Villager (Male) |
| 18:43 | Build | Blacksmith |
Build order — silkroad
78 actions detected in the replay
| 0:01 | Queue | Villager (Male) |
| 0:01 | Queue | Villager (Male) |
| 0:01 | Queue | Villager (Male) |
| 0:03 | Build | House |
| 0:05 | Build | House |
| 0:31 | Queue | Villager (Male) |
| 1:24 | Queue | Villager (Male) |
| 1:25 | Queue | Villager (Male) |
| 2:00 | Queue | Villager (Male) |
| 2:00 | Queue | Villager (Male) |
| 2:14 | Queue | Villager (Male) |
| 2:20 | Build | House |
| 2:22 | Build | House |
| 2:43 | Build | Lumber Camp |
| 2:45 | Queue | Villager (Male) |
| 2:53 | Queue | Villager (Male) |
| 3:29 | Queue | Villager (Male) |
| 3:43 | Queue | Villager (Male) |
| 4:19 | Queue | Villager (Male) |
| 4:19 | Queue | Villager (Male) |
| 4:55 | Queue | Villager (Male) |
| 5:11 | Queue | Villager (Male) |
| 5:36 | Queue | Villager (Male) |
| 5:46 | Build | Mill |
| 6:06 | Queue | Villager (Male) |
| 6:33 | Queue | Villager (Male) |
| 6:39 | Research | Double-Bit Axe |
| 6:57 | Queue | Villager (Male) |
| 7:33 | Queue | Villager (Male) |
| 7:33 | Queue | Villager (Male) |
| 7:48 | Build | House |
| 8:06 | Queue | Villager (Male) |
| 8:19 | Queue | Villager (Male) |
| 8:29 | Build | Mill |
| 8:37 | Build | Farm |
| 8:39 | Build | Farm |
| 8:41 | Build | Farm |
| 8:44 | Build | Farm |
| 8:53 | Research | Loom |
| 9:02 | Build | Farm |
| 9:26 | Research | Feudal Age |
| 10:30 | Queue | Villager (Male) |
| 10:30 | Queue | Villager (Male) |
| 10:45 | Build | Mining Camp |
| 11:48 | Age | Feudal Age |
| 11:51 | Build | Market |
| 12:00 | Build | Blacksmith |
| 12:41 | Queue | Villager (Male) |
| 12:45 | Research | Wheelbarrow |
| 14:20 | Research | Castle Age |
| 14:31 | Build | Barracks |
| 15:07 | Build | Farm |
| 15:07 | Build | Farm |
| 15:08 | Build | Farm |
| 15:17 | Research | Bow Saw |
| 15:21 | Queue | Flemish Militia ×4 |
| 15:21 | Queue | Flemish Militia ×4 |
| 15:21 | Queue | Flemish Militia ×4 |
| 15:36 | Build | Farm |
| 15:40 | Build | Farm |
| 15:43 | Build | Farm |
| 15:53 | Build | House |
| 15:54 | Build | House |
| 15:57 | Build | House |
| 15:58 | Build | House |
| 16:12 | Queue | Flemish Militia ×4 |
| 16:45 | Queue | Flemish Militia ×2 |
| 16:52 | Queue | Villager (Male) |
| 17:01 | Age | Castle Age |
| 17:21 | Queue | Flemish Militia ×2 |
| 17:31 | Queue | Militia |
| 17:39 | Queue | Villager (Male) |
| 17:40 | Queue | Villager (Male) |
| 18:47 | Build | Farm |
| 18:47 | Build | Farm |
| 18:47 | Build | Farm |
| 18:47 | Build | Farm |
| 18:48 | Build | Farm |
Match timeline
| 10:20 | SUMMER · first_building Barracks |
| 10:47 | SUMMER · age_up feudal |
| 11:48 | silkroad · age_up feudal |
| 14:09 | silkroad · first_market_sell 100 wood |
| 14:10 | silkroad · first_market_buy 100 food |
| 14:31 | silkroad · first_building Barracks |
| 14:35 | SUMMER · wall_segment Palisade Wall x1 |
| 14:35 | SUMMER · wall_segment Palisade Wall x1 |
| 14:35 | SUMMER · wall_segment Palisade Wall x1 |
| 14:36 | SUMMER · wall_segment Palisade Wall x2 |
| 14:36 | SUMMER · wall_segment Palisade Wall x2 |
| 14:36 | SUMMER · wall_segment Palisade Wall x1 |
| 14:37 | SUMMER · wall_segment Palisade Wall x1 |
| 14:37 | SUMMER · wall_segment Palisade Wall x1 |
| 17:01 | silkroad · age_up castle |
| 18:53 | SUMMER · resign |
[ AI ANALYSIS · 1 CREDIT ]
What really happened in this match?
Wolo.gg analyzes every decision: build order, eco, micro, common mistakes by bracket. Personalized analysis on WhatsApp or Discord in 30 seconds.
Civ guide
Byzantines
Perfil
Jugador #25845906